badnik, neutral male gnomish Archeologist ------------------------- ------------------------ |/?..................... ........................| |....................... ........................| |......................% ........................| |....................... ........................| |....................... ........................| .......................................)................................? .......?.................... ............................ ............................ |.....................................!...................................| |....................... ...........!............| |....................I.. ........................| |.....................^I ........................| |...?................... ........................| |....................... `........%..............| |....................... ..........>.............| ------------------------- ------------------------ badnik the Digger Experience level: 2 Strength: 11 Dexterity: 11 Constitution: 10 Intelligence: 18 Wisdom: 18 Charisma: 10 Health: 0(16) Energy: 10(10) Def: 1 Gold: 28 Moves: 235 Dungeon seed: IYEA0r3_T9BGsH7p Game ID: badnik_1498649039 Your Inventory: Coins $ - 28 gold pieces Weapons a - a +2 bullwhip Armor e - an uncursed +0 leather jacket (being worn) n - an uncursed +0 fedora (being worn) Comestibles b - 3 uncursed food rations Scrolls g - an uncursed scroll of identify Potions h - an uncursed potion of sleeping i - a blessed potion of confusion Tools c - a +0 pick-axe (weapon in hand) d - a tinning kit (0:43) f - an uncursed sack Gems q - an uncursed touchstone Spells and supernatural/magical abilities: Name Level Category Fail Memory W - pray for help -- divine ? -- Your skills at the end: Fighting Skills Weapon Skills pick-axe [Basic] whip [Basic] Spellcasting Skills Final Attributes: You had transgressed. You were blinded. You had infravision. You were stealthy. You were fast. You were unlucky. You are dead. Vanquished creatures: The Oracle a yellow light a little dog 2 hill orcs 5 creatures vanquished. Voluntary challenges: You went without food. You were an atheist. You used a wielded weapon 1 time, starting on turn 2. You were illiterate. You never genocided any monsters. You never polymorphed an object. You never changed form. You used no wishes. You never split a pudding. You never wrote Elbereth's name. You violated your moral code, losing 24 points of alignment, starting on turn 2. Dungeon overview: The Dungeons of Doom: levels 1 to 10 Level 1 a long staircase Level 2 Level 3 Level 4 Level 5 Level 6 Level 7 some fountains Level 8 Level 9 Level 10 <- You were here History has recorded: On T:1 you entered the Dungeons of Doom to retrieve the Amulet of Yendor! On T:2 you advanced to experience level 2. On T:25 you reached level 2 of The Dungeons of Doom. On T:48 you reached level 3 of The Dungeons of Doom. On T:69 you reached level 4 of The Dungeons of Doom. On T:108 you reached level 5 of The Dungeons of Doom. On T:141 you reached level 6 of The Dungeons of Doom. On T:159 you reached level 7 of The Dungeons of Doom. On T:187 you reached level 8 of The Dungeons of Doom. On T:206 you reached level 9 of The Dungeons of Doom. On T:226 you reached level 10 of The Dungeons of Doom. Score breakdown: Gold: 28 ( 4974 points) Experience: 2 levels ( 5570 points) Exploration: 10 levels ( 20.83%) (13127 points) Discoveries: 0 items ( 0.00%) ( 0 points) Valuables value: (no points given unless you survive) Artifact value: 0 ( 0 points) Variety of kills: 4 monsters ( 1.05%) ( 3073 points) Turncount: 235 turns ( 0 points) Survival: died (score multiplied by 80%) Total score: 21395 Latest messages: Where do you want to travel to? You stop travelling. You start digging downward. Click! The hill orc triggers something. You continue digging downward. (2x) The grid bug is almost hit by a dart! You continue digging downward. You dig a pit in the floor. You hear rumbling in the distance. The paper golem hits! You continue digging downward. (2x) You hear rumbling in the distance. The paper golem hits! The yellow light explodes! You are blinded by a blast of light! It hits! You continue digging downward. It hits! (2x) You die... The sack is empty. The sack is empty. Final status: Goodbye badnik the Archeologist, killed by a wererat... You died in The Dungeons of Doom on dungeon level 10 with 21395 points, and 28 pieces of gold, after 235 moves. You were level 2 with a maximum of 16 hit points when you died.